 Dungeon Crawl Stone Soup version 0.24.0-13-gcf9b3192b9 (webtiles) character file.

Game seed: 2731514216614913857, levelgen mode: deterministic

211 Acheron the Ducker (level 5, -1/29 HPs)
             Began as a Tengu Ice Elementalist on Nov 10, 2019.
             Was an Initiate of Sif Muna.
             Slain by an orc wizard
             ... wielding a +1 dagger of draining
              (2 damage)
             ... on level 3 of the Dungeon.
             The game lasted 00:35:50 (4879 turns).

Acheron the Ducker (Tengu Ice Elementalist)         Turns: 4879, Time: 00:35:51

Health: -1/29      AC:  3    Str:  8    XL:     5   Next: 88%
Magic:  9/9        EV: 14    Int: 17    God:    Sif Muna [......]
Gold:   156        SH:  0    Dex: 14    Spells: 2/9 levels left

rFire    . . .     SeeInvis .   u - +4 mace (holy)
rCold    . . .     Gourm    .   (no shield)
rNeg     . . .     Faith    .   m - +0 leather armour
rPois    .         Spirit   .   (helmet restricted)
rElec    .         Reflect  .   (no cloak)
rCorr    .         Harm     .   (no gloves)
MR       .....                  (boots unavailable)
Stlth    ++........             (no amulet)
HPRegen  0.09/turn              (no ring)
MPRegen  0.11/turn              (no ring)

@: flying quickly and evasively, drained, quick
A: beak, talons 3, able to fly
a: Stop Flying, Renounce Religion


You were on level 3 of the Dungeon.
You worshipped Sif Muna.
Sif Muna was noncommittal.
You were not hungry.

You visited 2 branches of the dungeon, and saw 5 of its levels.

You collected 156 gold pieces.

Inventory:

Hand Weapons
 k - a +1 dagger
 l - a +0 hunting sling
 t - a +1 hand axe of chopping
 u - a +4 mace of holy wrath (weapon)
Missiles
 e - 33 sling bullets
 h - 64 stones
 j - 6 poisoned darts
 y - 3 boomerangs (quivered)
Armour
 a - a +0 robe
 m - a +0 leather armour (worn)
 p - a +0 ring mail
Jewellery
 d - an uncursed ring of protection from magic
 n - an uncursed ring of protection from cold {unknown}
 r - an uncursed ring of wizardry {unknown}
 s - an uncursed ring of magical power {unknown}
Scrolls
 i - 2 scrolls of identify
 q - a scroll of remove curse {unknown}
 z - a scroll of enchant armour {unknown}
 A - 3 scrolls of amnesia
Potions
 b - 2 potions of agility
 g - a potion of ambrosia
 o - a potion of mutation {unknown}
 x - a potion of cancellation {unknown}
Comestibles
 c - 4 rations
 w - 12 chunks of flesh


   Skills:
 * Level 1.1(0.4) Fighting
 + Level 1.0(0.4) Short Blades
 + Level 0.3(0.0) Axes
 * Level 0.6(0.0) Maces & Flails
 * Level 0.1(0.0) Throwing
 * Level 1.6(0.9) Armour
 * Level 3.3(2.6) Dodging
 * Level 2.9(2.2) Stealth
 * Level 2.6(1.9) Spellcasting
 * Level 2.4(1.7) Conjurations
 * Level 0.2(0.0) Translocations
 + Level 3.3(2.5) Ice Magic
 * Level 0.1(0.0) Invocations


You had 2 spell levels left.
You knew the following spells:

 Your Spells              Type           Power        Failure   Level  Hunger
a - Apportation           Tloc           #.....       28%         1    #......
b - Throw Frost           Conj/Ice       #.....       17%         2    ###....
c - Ozocubu's Armour      Chrm/Ice       #.......     43%         3    ###....
f - Freeze                Ice            ##..         10%         1    #......

Your spell library contained the following spells:

 Spells                   Type           Power        Failure   Level  Hunger
 Animate Skeleton         Necr           N/A          28%         1    #......
 Confusing Touch          Hex            #.....       28%         1    #......
 Summon Small Mammal      Summ           #...         28%         1    #......
 Throw Icicle             Conj/Ice       #.......     75%         4    #####..
 Summon Ice Beast         Ice/Summ       #.......     85%         4    #####..


Dungeon Overview and Level Annotations

Branches:
Dungeon (4/15)             Temple (1/1) D:4

Altars:
Ashenzari
Cheibriados
Dithmenos
Elyvilon
Gozag
Hepliaklqana
Makhleb
Nemelex Xobeh
Okawaru
Qazlal
Ru
Sif Muna
Uskayaw
Vehumet
Wu Jian
Xom
Yredelemnul
Zin
The Shining One

Annotations:
D:2 exclusion: downstairs
D:4 3 runed translucent doors, Delamore's ghost, amateur HOMo


Innate Abilities, Weirdness & Mutations

You have a beak for a mouth.
You have claws for feet.
You can fly continuously.


Message History

Something hits you.
You feel drained. Something hits you but does no damage.
You feel drained.
You hear some strange, mumbled words.
A magic dart appears from out of thin air!
The magic dart hits you!
* * * LOW HITPOINT WARNING * * *
You feel better. Something hits you.
You feel drained.
You see here an adder corpse.
You hear some strange, mumbled words.
A puff of flame appears from out of thin air!
The puff of flame hits you!
* * * LOW HITPOINT WARNING * * *
You feel better.
A puff of flame appears from out of thin air!
The puff of flame hits you!
* * * LOW HITPOINT WARNING * * *
It was a potion of flight.
You feel more buoyant.
You barely miss something. Your peck misses something. Something hits you.
You die...

.##....## #S
#.........#
.##.....# #.#
#.........# #
.##...#.# #.#
#)........###..
.##...#.# #.#
###............
##....#.###.#
#....######..
#.####..##.######
#....# . #.
##.##.#....####....#
#
#..#.'....{..†....#
####
##.#.#...@######'##
##≈≈≈ #...#....#
#....#####≈≈≈≈
##..#....#
#.......##≈≈..
#..######
#....##..'.÷._
#.....#
####.#####≈)..
+.>...# #.# #≈≈≈≈
#.....# #.# ##≈≈≈
#.....# #.# ####
######### #.#


There were no monsters in sight!

Vanquished Creatures
  An orc priest (D:3)
  9 adders
  An ooze (D:2)
  2 worms (D:3)
  3 dart slugs
  4 leopard geckos
  7 orcs
  2 ball pythons (D:1)
  6 giant cockroaches
  2 goblins
  6 hobgoblins
  9 jackals
  5 kobolds
  A quokka (D:2)
  6 bats
  7 frilled lizards
  4 rats
75 creatures vanquished.

Notes
Turn   | Place    | Note
-------+----------+-------------------------------------------
     0 | D:1      | Acheron the Tengu Ice Elementalist began the quest for the
                  | Orb.
     0 | D:1      | Reached XP level 1. HP: 10/10 MP: 4/4
   571 | D:1      | Reached XP level 2. HP: 15/15 MP: 4/6
   575 | D:1      | Learned a level 2 spell: Throw Frost
  1274 | D:1      | Reached XP level 3. HP: 19/19 MP: 5/7
  2162 | D:3      | Found a stormy altar of Qazlal.
  2164 | D:3      | Noticed an earth elemental
  2164 | D:3      | Noticed an air elemental
  2165 | D:3      | Noticed a fire elemental
  2165 | D:3      | Noticed a water elemental
  2359 | D:3      | Learned a level 3 spell: Ozocubu's Armour
  2403 | D:3      | Reached XP level 4. HP: 24/24 MP: 8/8
  2861 | D:2      | Reached skill level 1 in Armour
  3216 | D:2      | Learned a level 1 spell: Apportation
  3565 | D:3      | Reached skill level 1 in Short Blades
  3565 | D:3      | Gained mutation: You can fly continuously. [Tengu growth]
  3565 | D:3      | Reached XP level 5. HP: 24/28 MP: 4/9
  4039 | D:3      | Noticed a moth of wrath
  4047 | D:3      | Reached skill level 1 in Fighting
  4314 | D:3      | Found a shimmering blue altar of Sif Muna.
  4322 | D:3      | Became a worshipper of Sif Muna the Loreminder
  4507 | D:4      | Found a staircase to the Ecumenical Temple.
  4525 | Temple   | Entered the Ecumenical Temple
  4671 | D:4      | Found a runed translucent gate.
  4671 | D:4      | Found a runed translucent gate.
  4672 | D:4      | Found a runed translucent gate.
  4672 | D:4      | Noticed Delamore's ghost (amateur HOMo)
  4781 | D:3      | Found a sparkling altar of Nemelex Xobeh.
  4781 | D:3      | Found an opulent altar of Gozag.
  4868 | D:3      | HP: 1/29 [something/magic dart (8)]
  4876 | D:3      | HP: 1/29 [something/puff of flame (7)]
  4879 | D:3      | Slain by an orc wizard

Levels and vault maps discovered:
D:1:      elethiomel_arrival_infinity_welcomes_careful_drivers,
          layout_loops_ring
D:2:      layout_rooms, first_ration
D:3:      minmay_angry_zag, layout_basic, tgw_trog,
          nicolae_qazlal_style_of_elements, grunt_temple_overflow_opulence,
          lightli_sewer_entry_pipes, led_sif_pool
D:4:      layout_loops_corners, minmay_temple_entry_wispy,
          gammafunk_ghost_necromancy
Temple:   compressed_dpeg_circular_temple

Skill      XL: |  1  2  3  4  5 |
---------------+----------------+-----
Ice Magic      | 3 |  3.3
Conjurations   | 2 |  2.4
Dodging        | 3 |  3.3
Armour         | 1 |  1.6
Short Blades   | 1 |  1.0
Fighting       | 1 |  1.1
Axes           | |  0.3
Maces & Flails | |  0.6
Throwing       | |  0.1
Stealth        | |  2.9
Spellcasting   | |  2.6
Translocations | |  0.2
Invocations    | |  0.1

Action                   |  1- 3 |  4- 6 || total
-------------------------+-------+-------++-------
Melee: Club              |    14 |       ||    14
       Kick              |     5 |    11 ||    16
       Peck              |     3 |     6 ||     9
       Dagger            |    26 |    50 ||    76
       Mace              |       |    35 ||    35
       Hand axe          |       |     8 ||     8
Throw: Dart              |       |     5 ||     5
 Cast: Freeze            |    31 |    12 ||    43
       Throw Frost       |    20 |    22 ||    42
       Apportation       |       |     5 ||     5
 Abil: Fly               |       |     1 ||     1
  Use: Scroll            |     7 |     2 ||     9
       Potion            |       |     4 ||     4
 Stab: Sleeping          |     2 |     1 ||     3
  Eat: Chunk             |     5 |     8 ||    13
       Ration            |     1 |       ||     1
Armor: Robe              |     5 |       ||     5
       Leather armour    |    11 |    15 ||    26
Dodge: Dodged            |    58 |    74 ||   132
